 Dungeon Crawl Stone Soup version 0.30.1-11-g7821555f0a (webtiles) character file.

Game seed: 13442168737539157884

5 jagang the Trooper (level 1, 0/18 HPs)
             Began as a Demonspawn Fighter on Dec 13, 2023.
             Slain by a frilled lizard (2 damage)
             ... on level 1 of the Dungeon.
             The game lasted 00:00:15 (49 turns).

jagang the Trooper (Demonspawn Fighter)               Turns: 49, Time: 00:00:16

Health: 0/18       AC:  6    Str: 16    XL:     1   Next: 66%
Magic:  1/1        EV:  8    Int:  9    God:
Gold:   0          SH:  4    Dex: 12    Spells: 0/0 levels left

rFire   . . .        a - +0 flail
rCold   . . .        c - +0 buckler
rNeg    . . .        b - +0 scale mail
rPois   .            (no helmet)
rElec   .            (no cloak)
rCorr   .            (no gloves)
SInv    .            (no boots)
Will    .....        (no amulet) Stlth
                     (no ring)
HPRegen 0.23/turn    (no ring)
MPRegen 0.07/turn

%: no passive effects
@: no status effects
A: no striking features
a: no special abilities


You were on level 1 of the Dungeon.
You visited 1 branch of the dungeon, and saw 1 of its levels.

Inventory:

Hand Weapons
 a - a +0 flail (weapon)
Armour
 b - a +0 scale mail (worn)
 c - a +0 buckler (worn)
Scrolls
 e - a scroll of noise {unknown}
Potions
 d - a potion of might


   Skills:
 + Level 3.0 Fighting
 * Level 2.0 Maces & Flails
 + Level 2.7 Armour
 + Level 2.7 Shields


You couldn't memorise any spells.
You didn't know any spells.
Your spell library was empty.

Dungeon Overview and Level Annotations

Branches:
Dungeon (1/15)

Altars:


Message History

The kobold hits you with a +0 dagger. You block the bat's attack.
Your Maces & Flails skill increases to level 2!
You hit the kobold but do no damage. The bat hits you but does no damage.
You block the giant cockroach's attack. The frilled lizard bites you.
The kobold hits you with a +0 dagger. The giant cockroach closely misses you.
You closely miss the kobold. The bat hits you but does no damage. x2
The frilled lizard bites you. The kobold hits you but does no damage.
You block the giant cockroach's attack.
You barely miss the kobold. The bat closely misses you.
You block the giant cockroach's attack.
The frilled lizard bites you but does no damage.
The kobold closely misses you. The bat barely misses you.
The giant cockroach bites you. The frilled lizard barely misses you.
The kobold hits you with a +0 dagger.
You are too injured to fight recklessly!
You are too injured to fight recklessly!
You are too injured to fight recklessly!
Unknown command.
You are too injured to fight recklessly!
You are too injured to fight recklessly!
You hit the bat but do no damage. The bat hits you. You block the bat's attack.
The giant cockroach bites you but does no damage.
The frilled lizard bites you but does no damage.
The kobold hits you with a +0 dagger.
The giant cockroach bites you but does no damage.
You hit the kobold.
The kobold is severely wounded.
The bat hits you but does no damage. The kobold hits you with a +0 dagger.
* * * LOW HITPOINT WARNING * * *
The frilled lizard closely misses you. The giant cockroach barely misses you.
You closely miss the giant cockroach. The bat hits you.
* * * LOW HITPOINT WARNING * * *
The bat hits you but does no damage.
The giant cockroach bites you but does no damage.
The frilled lizard bites you.
* * * LOW HITPOINT WARNING * * *
The kobold barely misses you. The bat hits you but does no damage.
The giant cockroach closely misses you. The kobold hits you but does no damage.
The frilled lizard bites you.
You die...

....( #....# # ......
#....# #
......#####....######.#
#.....#...............#
.....#......######.#.#
#.).......# #
.####.....###.# #
......K...# #.# +
####..@b.# #.# #
#.lB...##.# #.......#..
......##..## ........
...# ............#).^
$.........$ ...
#........###


You could see a giant cockroach, a bat, a kobold and a frilled lizard.

Vanquished Creatures
  A dart slug (D:1)
  A hobgoblin (D:1)
  A ball python (D:1)
  A kobold (D:1)
4 creatures vanquished.

Notes
Turn   | Place    | Note
-------+----------+-------------------------------------------
     0 | D:1      | jagang the Demonspawn Fighter began the quest for the Orb.
     0 | D:1      | Reached XP level 1. HP: 18/18 MP: 1/1
    49 | D:1      | Slain by a frilled lizard

Illustrated notes

Levels and vault maps discovered:
D:1:      tarquinn_simple_flora_water_c, layout_basic, serial_shops,
          nicolae_shop_back_alley_shop

Skill      XL: |  1 |
---------------+----+-----
Maces & Flails | 2 |  2.0
Fighting       | |  3.0
Armour         | |  2.7
Shields        | |  2.7

Action                     || total
---------------------------++-------
  Melee: Flail             ||    15
 Armour: Scale mail        ||    21
  Dodge: Dodged            ||    15
  Block: Buckler           ||     8
